 Dungeon Crawl Stone Soup version 0.32-a0-131-g9dbbe29261 (webtiles) character file.

Game seed: 9125664395830510416

949 Dittersdorf the Trooper (level 8, -5/51 HPs)
             Began as a Gargoyle Fighter on Feb 8, 2024.
             Slain by a gnoll sergeant
             ... wielding a +2 heavy spear
              (14 damage)
             ... on level 5 of the Dungeon.
             The game lasted 00:04:30 (4148 turns).

Dittersdorf the Trooper (Gargoyle Fighter)          Turns: 4148, Time: 00:04:31

Health: -5/51      AC: 14    Str: 23    XL:     8   Next: 13%
Magic:  17/17      EV:  9    Int:  8    God:
Gold:   210        SH:  5    Dex:  9    Spells: 7/7 levels left

rFire   . . .        a - +0 flail
rCold   . . .        c - +0 buckler
rNeg    + . .        b - +0 scale mail
rPois   ∞            k - +0 helmet
rElec   +            (no cloak)
rCorr   .            (no gloves)
SInv    .            (no boots)
Will    .....        (no amulet) Stlth
                     r - ring of magical power
HPRegen 0.28/turn    (no ring)
MPRegen 0.15/turn

%: no passive effects
@: no status effects
A: sickness immunity, AC +5, negative energy resistance 1, electricity
resistance, torment resistance 1, petrification resistance
a: no special abilities


You were on level 5 of the Dungeon.
You visited 1 branch of the dungeon, and saw 5 of its levels.

You collected 210 gold pieces.

Inventory:

Hand Weapons
 a - a +0 flail (weapon)
Missiles
 n - 3 curare-tipped darts (quivered)
Armour
 b - a +0 scale mail (worn)
 c - a +0 buckler (worn)
 k - a +0 helmet (worn)
Jewellery
 r - a ring of magical power (left hand)
Wands
 s - a wand of paralysis (8)
 u - a wand of flame (13)
Scrolls
 e - a scroll of vulnerability {unknown}
 h - a scroll of amnesia {unknown}
 i - 3 scrolls of identify {unknown}
 l - a scroll of enchant weapon {unknown}
 m - 2 scrolls of teleportation {unknown}
 o - a scroll of blinking {unknown}
 p - 3 scrolls of immolation {unknown}
 q - a scroll of enchant armour {unknown}
Potions
 d - a potion of might
 f - 5 potions of enlightenment {unknown}
 g - a potion of invisibility {unknown}
 j - a potion of haste {unknown}
 t - a potion of heal wounds {unknown}
 v - a potion of berserk rage {unknown}


   Skills:
 + Level 6.0 Fighting
 + Level 4.8 Maces & Flails
 + Level 5.9 Armour
 + Level 5.9 Shields


You had 7 spell levels left.
You didn't know any spells.
Your spell library contained the following spells:

 Spells                   Type           Power      Damage    Failure   Level
 Manifold Assault         Tloc           0%         N/A       100%        4
 Dispersal                Tloc           0%         N/A       100%        6
 Disjunction              Tloc           0%         N/A       100%        8


Dungeon Overview and Level Annotations

Branches:
Dungeon (5/15)
 Temple: D:4-7

Altars:
Dithmenos
Vehumet
Xom

Shops:
D:1 ?


Innate Abilities, Weirdness & Mutations

You are immune to sickness and miasma.
Your stone body is resilient. (AC +5)
You are immune to poison.
You resist negative energy. (rN+)
You are resistant to electric shocks. (rElec)
You are resistant to unholy torment.
You are immune to petrification.


Message History

The gnoll is almost dead.
The gnoll closely misses you. The gnoll barely misses you.
Aiming: Throw Flame
Press: ? - help, Shift-Dir - straight line, f/p - gnoll
Aim: a gnoll, wielding a +0 hand axe (72% to hit)
The puff of flame hits the gnoll.
You kill the gnoll!
The gnoll hits you from afar with a +0 halberd.
* * * LOW HITPOINT WARNING * * *
The howler monkey hoots and howls with incredible vigour!
You hear a shout! x2
Aiming: Throw Flame
Press: ? - help, Shift-Dir - straight line, f/p - gnoll
Aim: a gnoll, wielding a +0 hand axe (72% to hit)
The puff of flame hits the gnoll.
You kill the gnoll!
The howler monkey attacks as it pursues you!
The howler monkey hits you but does no damage.
There is an open door here.
The howler monkey hoots and howls with incredible vigour!
You hear a shout!
A gnoll comes into view. It is wielding a +0 flail.
The gnoll shouts!
An ogre comes into view. It is wielding a +0 giant club.
A gnoll sergeant comes into view. It is wielding a +2 heavy spear.
A gnoll bouda comes into view. It is wielding a +0 club.
A gnoll comes into view. It is wielding a +0 spear.
The gnoll shouts!
A gnoll comes into view. It is wielding a +0 club.
The gnoll bouda barks out a call to the hunt!
The gnolls pick up the pace!
You see here a +0 whip.
A gnoll comes into view. It is wielding a +0 spear.
The gnoll sergeant hits you with a +2 heavy spear.
* * * LOW HITPOINT WARNING * * *
The howler monkey hoots and howls with incredible vigour!
The howler monkey hits you.
* * * LOW HITPOINT WARNING * * *
The gnoll sergeant hits you from afar with a +2 heavy spear!
You die...

#.. #.. #.# #. #.. #.# #. +..#
#.# #÷# ####.#### #..## #.# #.#
#.......# #...# #.# #.#
#.......# #...# #.# #.#
#.......######+####g..###.# #.#
#.......'..gggh@.ggg....#.####.#
...>....###########gg.#†#.#....#
#........)g.gg..................
+...#########B##.g.####.#.#....#
#.. ####...# #.#.####.# #. #####
#.#.# #.. #.#.# ### ..... #
..... #


You could see a gnoll sergeant (swift), a gnoll bouda, a howler monkey and 7
gnolls.

Vanquished Creatures
  A water moccasin (D:5)
  An ice beast (D:5)
  An ogre (D:4)
  A phantom (D:5)
  A kobold brigand (D:5)
  A gnoll sergeant (D:3)
  3 scorpions (D:5)
  A hound (D:4)
  Robin (D:2)
  8 gnolls
  6 adders
  3 ribbon worms
  2 dart slugs
  3 orcs
  7 bats
  6 endoplasms
  6 giant cockroaches
  10 hobgoblins
  11 jackals
  13 kobolds
  6 quokkas
  6 ball pythons
  3 frilled lizards
  15 goblins
  3 rats
119 creatures vanquished.

Notes
Turn   | Place    | Note
-------+----------+-------------------------------------------
     0 | D:1      | Dittersdorf the Gargoyle Fighter began the quest for the
                  | Orb.
     0 | D:1      | Reached XP level 1. HP: 14/14 MP: 1/1
   144 | D:1      | Found Iprenori's Magic Scroll Shop.
   166 | D:1      | Reached XP level 2. HP: 19/19 MP: 2/2
   536 | D:1      | Reached XP level 3. HP: 22/23 MP: 3/3
   974 | D:2      | Noticed Robin
   982 | D:2      | Killed Robin
   983 | D:2      | Reached XP level 4. HP: 27/29 MP: 4/4
  1217 | D:2      | Reached skill level 4 in Fighting
  2106 | D:3      | Found a shadowy altar of Dithmenos.
  2106 | D:3      | Noticed a gnoll sergeant
  2133 | D:2      | Reached XP level 5. HP: 28/33 MP: 5/5
  2365 | D:3      | Reached XP level 6. HP: 16/39 MP: 6/6
  2506 | D:3      | Found a radiant altar of Vehumet.
  3004 | D:4      | Found a shimmering altar of Xom.
  3004 | D:4      | Found a shimmering altar of Xom.
  3575 | D:5      | Entered Level 5 of the Dungeon
  3583 | D:5      | Reached skill level 5 in Fighting
  3630 | D:5      | Reached skill level 5 in Shields
  3663 | D:5      | Reached skill level 5 in Armour
  3663 | D:5      | Reached XP level 7. HP: 34/44 MP: 7/7
  4078 | D:5      | Reached XP level 8. HP: 51/51 MP: 8/8
  4118 | D:5      | Reached skill level 6 in Fighting
  4148 | D:5      | Slain by a gnoll sergeant

Illustrated notes

Levels and vault maps discovered:
D:1:      wander_arrival_estate, layout_basic, serial_shops, shop
D:2:      layout_loops_corners, minmay_misc_feat_iff, minmay_distorted,
          uniq_robin
D:3:      layout_loops_cross, nicolae_vehumet_altar_sigil, old_standard_altar
D:4:      layout_basic, xom_redecorated
D:5:      layout_basic, minmay_fountain_box, minmay_misc_feat_columns,
          pf_guarded_unrand_woodcutter

Skill      XL: |  1  2  3  4  5  6  7  8 |
---------------+-------------------------+-----
Shields        | 4 5 |  5.9
Armour         | 4 5 |  5.9
Fighting       | 4 5 6 |  6.0
Maces & Flails | 3 4 |  4.8

Action                     |  1- 3 |  4- 6 |  7- 9 || total
---------------------------+-------+-------+-------++-------
  Melee: Flail             |   135 |   241 |    88 ||   464
  Throw: Dart              |       |     1 |       ||     1
  Evoke: Wand              |       |       |     5 ||     5
 Armour: Scale mail        |   134 |   183 |    89 ||   406
  Dodge: Dodged            |    79 |   129 |    52 ||   260
  Block: Buckler           |    41 |    55 |    26 ||   122

Table legend: (Time is in decaauts)
 A = Elapsed time spent in this place.
 B = Non-inter-level travel time spent in this place.
 C = Inter-level travel time spent in this place.
 D = Time resting spent in this place.
 E = Time spent auto-exploring this place.
 F = Levels seen in this place.
 G = Mean time per level.
                   A        B        C        D        E       F      G
               +--------+--------+--------+--------+--------+-----+--------+
         Total |   4277 |   4135 |    142 |    312 |   2872 |   5 |  855.4 |
       Dungeon |   4277 |   4135 |    142 |    312 |   2872 |   5 |  855.4 |
               +--------+--------+--------+--------+--------+-----+--------+

Top non-repeatable levels by time:
     D:2: 1281 daAuts
     D:3: 844 daAuts
     D:4: 809 daAuts
     D:1: 741 daAuts
     D:5: 600 daAuts
